Map: Neon Violet Square LE

Players

Serral - Winner!

  • Race: Zerg Zerg
  • League: Grandmaster
  • Spawn Location: 5:00

Nerchio

  • Race: Zerg Zerg
  • League: Grandmaster
  • Spawn Location: 11:00

Event: WESG Barcelona European Finals 2017

VOD

Have the link to the VOD?

Description

Time

  • Played on: Nov. 26, 2017, 12:49 p.m.
  • Length: 9:20

All games in this series

Show
View Real Time Build Order
Export as new Build Order

Serral Zerg - Winner!

Build Orders: Hatch First 

Get SALT Encoding   

  12  0:00  Drone  
  13  0:12  Overlord  
  13  0:17  Drone  
  14  0:31  Drone x2  
  14  0:34  Drone  
  17  0:52  Hatchery  
  17  0:55  Drone  
  17  0:58  Drone  
  18  1:09  Extractor  
  17  1:13  Spawning Pool  
  17  1:17  Drone  
  17  1:20  Drone  
  18  1:28  Drone  
  19  1:38  Overlord  
  19  1:50  Drone  
  20  2:00  Queen  
  20  2:01  Zergling x2  
  23  2:03  Queen  
  23  2:05  Zergling x2  
  26  2:09  Metabolic Boost  
  26  2:14  Drone x2  
  28  2:22  Drone  
  29  2:25  Drone  
  30  2:38  Hatchery  
  30  2:43  Baneling Nest  
  28  2:45  Drone  
  28  2:48  Zergling x2  
  30  2:53  Overlord  
  30  2:58  Drone  
  30  3:01  Drone  
  30  3:02  Drone  
  33  3:05  Drone  
  33  3:10  Zergling x2  
  33  3:11  Drone x2  
  37  3:14  Drone  
  37  3:16  Zergling x2  
  39  3:20  Zergling x2  
  39  3:23  Overlord  
  39  3:26  Drone  
  41  3:29  Baneling  
  41  3:31  Drone x2  
  43  3:37  Drone, Evolution Chamber  
  43  3:41  Overlord  
  43  3:46  Roach Warren  
  42  3:49  Drone x2  
  42  3:53  Evolution Chamber  
  43  3:58  Queen  
  45  4:03  Zergling x2  
  45  4:05  Drone x3  
  49  4:11  Drone x3  
  49  4:16  Baneling  
  49  4:17  Overlord  
  52  4:19  Zergling x4  
  54  4:24  Overlord  
  54  4:29  Drone x2  
  55  4:36  Drone x2  
  54  4:38  Overlord  
  54  4:39  Baneling x2  
  54  4:40  Drone x2  
  54  4:43  Overlord  
  55  4:47  Zergling x4  
  55  4:52  Lair  
  57  4:53  Zerg Missile Weapons Level 1, Extractor  
  57  4:56  Zergling x8  
  57  4:58  Baneling x2  
  60  5:01  Queen  
  60  5:07  Zergling x4  
  65  5:14  Drone x5  
  65  5:18  Drone x2  
  70  5:23  Overlord  
  70  5:26  Drone x4, Overlord  
  74  5:29  Overlord  
  73  5:35  Overlord  
  73  5:36  Overlord  
  73  5:38  Drone x2  
  73  5:41  Extractor  
  74  5:43  Overlord  
  74  5:45  Extractor  
  74  5:47  Overlord  
  73  5:54  Roach x3, Glial Reconstitution  
  80  5:57  Drone x3, Extractor  
  80  5:58  Drone x3  
  80  5:59  Baneling x2  
  80  6:00  Drone x2  
  80  6:01  Overlord  
  85  6:06  Extractor  
  85  6:07  Unknown  
  85  6:08  Roach x3  
  89  6:14  Overlord  
  89  6:16  Roach x2  
  92  6:24  Roach x4  
  95  6:38  Drone x3  
  98  6:40  Drone x2, Evolution Chamber  
  98  6:41  Roach x3  
  98  6:44  Hatchery  
  98  6:45  Roach x2  
  108  6:50  Roach  
  108  6:53  Roach x4  
  108  6:54  Roach x3  
  124  6:59  Roach  
  126  7:01  Roach  
  126  7:02  Roach x2  
  132  7:11  Zerg Ground Armor Level 1  
  132  7:17  Hatchery  
  132  7:18  Pneumatized Carapace  
  130  7:26  Roach x4  
  136  7:34  Roach x3  
  137  7:40  Roach x3  
  143  7:45  Drone x3  
  143  7:46  Drone  
  143  7:47  Drone  
  143  7:49  Overlord  
  143  7:50  Roach  
  150  8:03  Roach x7  
  156  8:15  Roach x5  
  156  8:16  Roach x2  
  170  8:21  Overlord x2  
  170  8:24  Unknown x2  
  170  8:25  Overlord  
  170  8:31  Ravager  
  170  8:32  Ravager  
  170  8:33  Ravager  
  170  8:34  Ravager x2  
  175  8:36  Infestation Pit  
  175  8:39  Roach x5  
  180  8:42  Roach x2  
  180  8:47  Roach  
  180  8:48  Roach x3  
  180  8:54  Roach x4  
  172  9:00  Roach x3  
  172  9:01  Roach  
Show
View Real Time Build Order
Export as new Build Order

Nerchio Zerg 

Build Orders: Hatch First 

Get SALT Encoding   

  12  0:00  Drone  
  13  0:13  Overlord  
  13  0:18  Drone  
  14  0:31  Drone x2  
  14  0:35  Drone  
  17  0:52  Hatchery  
  17  0:56  Drone  
  17  0:59  Drone  
  17  1:03  Extractor  
  17  1:15  Spawning Pool  
  17  1:17  Drone  
  17  1:22  Drone  
  18  1:28  Drone  
  19  1:39  Overlord  
  19  1:50  Drone  
  20  2:02  Queen, Metabolic Boost  
  20  2:06  Queen  
  24  2:10  Zergling x2  
  24  2:13  Zergling x2  
  26  2:17  Drone  
  26  2:20  Drone  
  28  2:24  Drone  
  28  2:27  Drone  
  30  2:33  Drone  
  31  2:46  Hatchery  
  31  2:49  Zergling x2  
  31  2:55  Baneling Nest  
  30  2:59  Overlord  
  30  3:03  Drone  
  30  3:04  Drone  
  32  3:06  Drone  
  32  3:09  Drone  
  34  3:19  Drone x3  
  37  3:20  Zergling x2  
  37  3:23  Zergling x2  
  37  3:24  Zergling x2  
  37  3:26  Drone  
  41  3:29  Drone  
  42  3:35  Lair  
  42  3:39  Overlord  
  42  3:43  Drone x2  
  42  3:47  Overlord  
  44  3:52  Overlord  
  43  3:59  Extractor  
  43  4:00  Drone x4  
  43  4:01  Drone  
  47  4:05  Baneling x2, Extractor x2  
  45  4:11  Drone x3  
  45  4:13  Drone  
  45  4:16  Baneling x2  
  49  4:19  Zergling x2  
  49  4:21  Zergling x4  
  53  4:24  Zergling x2  
  53  4:25  Zergling x2  
  53  4:29  Overlord  
  52  4:31  Zergling x2  
  52  4:35  Drone x2  
  53  4:41  Drone, Roach Warren  
  53  4:42  Drone  
  53  4:45  Drone  
  54  4:46  Drone  
  55  4:54  Drone  
  56  5:10  Drone x2  
  56  5:13  Spire  
  56  5:14  Drone x4  
  59  5:16  Overlord  
  60  5:21  Drone x3  
  60  5:22  Drone x4, Extractor  
  60  5:28  Overlord  
  65  5:29  Glial Reconstitution  
  65  5:31  Roach  
  65  5:33  Roach  
  68  5:35  Baneling  
  68  5:37  Roach  
  68  5:39  Extractor  
  68  5:42  Evolution Chamber, Overlord  
  68  5:45  Roach  
  68  5:46  Roach  
  72  5:54  Overseer  
  72  5:57  Roach x5  
  72  6:00  Roach  
  72  6:01  Roach  
  72  6:04  Roach  
  88  6:08  Overlord  
  88  6:12  Drone  
  88  6:13  Drone x4  
  88  6:17  Zerg Missile Weapons Level 1, Drone  
  94  6:19  Drone  
  94  6:20  Hydralisk Den  
  95  6:25  Overlord  
  95  6:27  Drone x2  
  95  6:28  Drone  
  95  6:29  Drone  
  95  6:31  Queen  
  93  6:33  Drone  
  93  6:37  Extractor  
  93  6:40  Roach  
  93  6:41  Roach x2  
  93  6:42  Roach  
  93  6:44  Roach  
  103  6:51  Roach x3  
  103  6:52  Roach  
  111  6:56  Overlord  
  111  7:00  Drone  
  111  7:01  Drone  
  114  7:02  Overlord  
  114  7:09  Hydralisk  
  114  7:10  Hydralisk  
  114  7:11  Overlord x2  
  114  7:12  Overlord  
  118  7:18  Roach x2  
  118  7:19  Roach x2  
  118  7:21  Roach  
  128  7:24  Roach  
  128  7:26  Roach  
  130  7:30  Roach  
  130  7:32  Roach  
  130  7:36  Roach  
  134  7:38  Roach x3  
  134  7:41  Roach  
  134  7:43  Roach  
  142  7:46  Roach x3  
  142  7:49  Roach  
  150  7:56  Roach x2  
  150  7:59  Roach  
  150  8:05  Lurker Den, Roach x2  
  154  8:10  Roach x2  
  154  8:11  Roach  
  139  8:13  Roach  
  139  8:15  Roach  
  139  8:16  Hatchery  
  139  8:17  Roach  
  139  8:18  Roach  
  146  8:21  Roach  
  146  8:22  Roach  
  146  8:25  Roach  
  152  8:27  Roach  
  152  8:28  Roach  
  152  8:30  Roach  
  152  8:31  Ravager x2  
  152  8:32  Ravager  
  161  8:35  Overlord  
  161  8:39  Overlord x2  
  159  8:42  Roach  
  159  8:45  Roach  
  155  8:49  Roach x2  
  155  8:52  Roach  
  155  8:53  Roach  
  147  8:58  Roach  
Tags
 
Add a new tag
Caveats
  • Supply blocks, unpowered buildings, or Contaminate may cause inaccurate times.
  • Supply counts are checked every 10 seconds.